 Dungeon Crawl Stone Soup version 0.20.0-14-g326068f (webtiles) character file.

27137 Jumperg the Destroyer (level 13, 0/63 HPs)
             Began as a Deep Elf Conjurer on June 5, 2017.
             Was the Champion of Sif Muna.
             Engulfed by a cloud of freezing vapour (13 damage)
             ... on level 5 of the Lair of Beasts on June 8, 2017.
             The game lasted 05:16:42 (18126 turns).

Jumperg the Destroyer (Deep Elf Conjurer)          Turns: 18126, Time: 05:16:43

Health: 0/63       AC:  5    Str:  5    XL:     13   Next: 2%
Magic:  35/41      EV: 14    Int: 30    God:    Sif Muna [******]
Gold:   864        SH:  0    Dex: 15    Spells: 4/38 levels left

rFire    . . .     SeeInvis .   C - +0 dagger (protect)
rCold    . . .     Gourm    .   (no shield)
rNeg     . . .     Faith    +   a - +0 robe
rPois    .         Spirit   .   q - +0 helmet
rElec    .         Reflect  .   s - +0 cloak
rCorr    .         Harm     .   (no gloves)
MR       +....                  B - +0 pair of boots
Stlth    ++........             r - amulet of faith
Regen    0.2/turn               W - ring of magical power
MPRegen  0.3/turn               H - +4 ring of intelligence

@: divine energy
A: no striking features
a: Stop Divine Energy, Channel Magic, Forget Spell, Renounce Religion


You were on level 5 of the Lair of Beasts.
You worshipped Sif Muna.
Sif Muna was exalted by your worship.
You were not hungry.

You visited 3 branches of the dungeon, and saw 18 of its levels.

You collected 864 gold pieces.

Inventory:

Hand Weapons
 g - a +0 dagger of venom
 w - a +2 short sword of speed
 C - a +0 dagger of protection (weapon)
Missiles
 u - 2 throwing nets (quivered)
 M - 7 exploding tomahawks
 O - a tomahawk of dispersal
Armour
 a - a +0 robe (worn)
 q - a +0 helmet (worn)
 s - a +0 cloak (worn)
 B - a +0 pair of boots (worn)
Jewellery
 r - an amulet of faith (around neck)
 H - a +4 ring of intelligence (right hand)
 P - an uncursed ring of fire
 W - a ring of magical power (left hand)
 Z - a +4 ring of protection
Wands
 y - a wand of digging (10/24)
 I - a wand of iceblast (13/15)
 L - a wand of confusion (14/48)
 Q - a wand of disintegration (4/24)
 T - a wand of polymorph (15/24)
Scrolls
 d - a scroll of identify
 f - 2 scrolls of magic mapping
 j - a scroll of fog
 o - 4 scrolls of teleportation
 t - 7 scrolls of remove curse
 V - a scroll of fear {unknown}
Potions
 h - 2 potions of magic
 k - a potion of resistance
 v - 3 potions of agility
 x - 4 potions of brilliance
 z - a potion of flight
 F - 6 potions of curing
Books
 e - Qocsaed's Guide on the Burning Entourage
   (Sif Muna gifted it to you on level 6 of the Lair of Beasts)

   Spells                             Type                      Level
   a - Summon Small Mammal            Summoning                    1
   b - Throw Flame                    Conjuration/Fire             2
   c - Ignite Poison                  Fire/Transmutation/Poison    3
   d - Bolt of Fire                   Conjuration/Fire             6
   e - Haunt                          Necromancy/Summoning         7
   f - Fire Storm                     Conjuration/Fire             9
 E - a book of the Tempests

   Spells                             Type                      Level
   a - Static Discharge               Conjuration/Air              3
   b - Lightning Bolt                 Conjuration/Air              5
   c - Ignition                       Fire                         8
   d - Tornado                        Air                          9
   e - Shatter                        Earth                        9
Miscellaneous
 b - a lightning rod (inert)
Comestibles
 c - 7 bread rations
 i - a fruit


   Skills:
 - Level 3.6 Dodging
 - Level 2.4 Stealth
 - Level 13.2 Spellcasting
 - Level 13.4 Conjurations
 - Level 7.0 Hexes
 - Level 10.0 Charms
 + Level 8.5 Necromancy
 + Level 8.9 Ice Magic
 - Level 7.0 Air Magic


You had 4 spell levels left.
You knew the following spells:

 Your Spells              Type           Power        Failure   Level  Hunger
a - Magic Dart            Conj           ####         0%          1    None
b - Searing Ray           Conj           ######       0%          2    None
c - Dazzling Spray        Conj/Hex       ######       1%          3    None
d - Iskenderun's Mystic   Conj           #######.     1%          4    None
e - Fulminant Prism       Conj/Hex       ######....   1%          4    None
f - Regeneration          Chrm/Necr      ######....   1%          3    None
g - Iskenderun's Battles  Conj/Chrm      ######..     1%          5    #......
h - Swiftness             Chrm/Air       ######..     1%          2    None
i - Throw Icicle          Conj/Ice       ######..     1%          4    None
j - Freezing Cloud        Conj/Ice/Air   ######....   7%          6    ####...


Dungeon Overview and Level Annotations

Branches:
Dungeon (11/15)            Temple (1/1) D:4            Lair (6/6) D:8
 Shoals (0/4) Lair:4       Spider (0/4) Lair:3
  Slime: Lair:5-6       Orc: D:9-12

Altars:
Ashenzari
Cheibriados
Dithmenos
Elyvilon
Fedhas
Gozag
Hepliaklqana
Kikubaaqudgha
Makhleb
Nemelex Xobeh
Okawaru
Qazlal
Ru
Sif Muna
Trog
Uskayaw
Vehumet
Xom
Yredelemnul
Zin
The Shining One
Lugonu


Message History

Press: ? - help, Dir - move target cursor That beam is likely to hit you.
Continue anyway?
You are engulfed in freezing vapours.
The spiny frog is engulfed in freezing vapours.
The spiny frog stings you.
The spiny frog is engulfed in freezing vapours.
The spiny frog stings you.
* * * LOW HITPOINT WARNING * * *
The soldier ant is engulfed in freezing vapours.
The soldier ant stings you but does no damage.
The soldier ant is engulfed in freezing vapours.
You feel much better.
You are engulfed in freezing vapours.
The spiny frog is engulfed in freezing vapours.
The spiny frog seems to slow down.
The spiny frog stings you!!
* * * LOW HITPOINT WARNING * * *
The soldier ant is engulfed in freezing vapours.
The soldier ant stings you but does no damage.
The soldier ant is engulfed in freezing vapours.
You feel better.
You are engulfed in freezing vapours.
You die...

...PP..........#......P..##
...............###.....+..##
...#...........###...##....#
......P#.#.....##.##.#....##
...P.....#......###.#.##...##
.............§§#§#.##.....#.#
..............§§a§.......####
#...##.....#.##aF#.####.##
#.######.#######@### ### ###
### ###


You could see a spiny frog and 2 soldier ants.

Vanquished Creatures
  2 catoblepae
  A two-headed ogre (D:9)
  The ghost of maggai the Quickloader, a novice CeHu of Elyvilon (D:8)
  A harpy (Lair:6)
  6 elephants
  8 spiny frogs
  8 komodo dragons
  4 rime drakes
  4 blink frogs (Lair:6)
  Grinder (D:6)
  7 dream sheep (Lair:4)
  2 hippogriffs
  A spriggan (D:7)
  Sigmund (D:6)
  A wyvern (Lair:4)
  2 basilisks
  29 yaks
  2 hungry ghosts
  Menkaure (D:5)
  Edmund (D:5)
  10 water moccasins
  8 porcupines
  A soldier ant (Lair:6)
  An orc warrior (D:6)
  2 sky beasts (D:8)
  2 black bears
  2 ice beasts
  2 necrophages
  9 centaurs
  7 ogres
  5 phantoms
  10 wolves
  13 crocodiles
  Blork the orc (D:4)
  A big kobold (D:9)
  15 bullfrogs
  3 scorpions
  4 killer bees (D:9)
  An electric eel (Lair:4)
  A howler monkey (D:6)
  4 crimson imps
  A bullfrog zombie (D:8)
  5 hounds
  A bullfrog skeleton (D:6)
  3 orc priests
  8 orc wizards
  Ijyb (D:4)
  7 worker ants
  2 iguanas
  3 hound skeletons
  A worker ant zombie (D:8)
  8 gnolls
  8 adders
  3 shadow imps
  5 oozes
  An adder skeleton (D:6)
  4 worms
  5 dart slugs
  3 leopard geckos
  28 orcs
  5 giant cockroaches
  10 hobgoblins
  9 jackals
  11 kobolds
  4 quokkas
  2 ball pythons (D:2)
  4 bats
  7 frilled lizards
  13 goblins
  2 quokka skeletons
  6 rats
  2 fungi (Lair:6)
  5 plants (Lair:4)
362 creatures vanquished.

Vanquished Creatures (others)
  2 bushes (D:8)
  62 fulminant prisms
  13 fungi
  18 plants
95 creatures vanquished.

Grand Total: 457 creatures vanquished

Notes
Turn   | Place    | Note
-------+----------+-------------------------------------------
     0 | D:1      | Jumperg the Deep Elf Conjurer began the quest for the Orb.
     0 | D:1      | Reached XP level 1. HP: 10/10 MP: 6/6
   270 | D:1      | Reached XP level 2. HP: 15/15 MP: 2/8
   657 | D:1      | Learned a level 2 spell: Searing Ray
   973 | D:2      | Found a deep blue altar of Sif Muna.
   981 | D:2      | Reached XP level 3. HP: 15/19 MP: 6/10
   996 | D:2      | Became a worshipper of Sif Muna the Loreminder
  1068 | D:2      | Found a snail-covered altar of Cheibriados.
  1072 | D:2      | Found a stormy altar of Qazlal.
  1112 | D:2      | Found a sparkling altar of Nemelex Xobeh.
  1116 | D:2      | Found a blossoming altar of Fedhas.
  1116 | D:2      | Found a bloodstained altar of Trog.
  1201 | D:2      | Reached skill level 5 in Conjurations
  1258 | D:2      | Found a white marble altar of Elyvilon.
  1521 | D:2      | Reached XP level 4. HP: 24/24 MP: 6/12
  1579 | D:2      | Found an ancient bone altar of Kikubaaqudgha.
  1773 | D:3      | Noticed a centaur
  2175 | D:3      | Learned a level 3 spell: Dazzling Spray
  2306 | D:3      | Reached * piety under Sif Muna
  2416 | D:3      | Reached skill level 1 in Hexes
  2479 | D:2      | Reached XP level 5. HP: 19/28 MP: 0/14
  3058 | D:4      | Noticed a phantom
  3079 | D:4      | Found a staircase to the Ecumenical Temple.
  3088 | Temple   | Entered the Ecumenical Temple
  3152 | D:4      | Found a hazy altar of Hepliaklqana.
  3188 | D:4      | Reached skill level 5 in Spellcasting
  3251 | D:4      | Noticed Blork the orc
  3256 | D:4      | Noticed Ijyb
  3256 | D:4      | Killed Blork the orc
  3262 | D:4      | Killed Ijyb
  3262 | D:4      | Reached XP level 6. HP: 27/32 MP: 0/16
  3330 | D:4      | Found an iron altar of Okawaru.
  3822 | D:5      | Entered Level 5 of the Dungeon
  3863 | D:5      | Learned a level 4 spell: Iskenderun's Mystic Blast
  3892 | D:5      | Reached ** piety under Sif Muna
  3898 | D:5      | Learned a level 4 spell: Fulminant Prism
  4087 | D:4      | Reached XP level 7. HP: 36/36 MP: 6/18
  4246 | D:4      | Reached skill level 5 in Hexes
  4374 | D:5      | Noticed Menkaure
  4379 | D:5      | Killed Menkaure
  4783 | D:5      | Found a hazy altar of Hepliaklqana.
  4849 | D:5      | Reached *** piety under Sif Muna
  5215 | D:6      | Noticed Edmund
  5234 | D:4      | Reached XP level 8. HP: 38/41 MP: 14/21
  5342 | D:5      | Killed Edmund
  5786 | D:6      | Found a burning altar of Makhleb.
  5927 | D:6      | Noticed Sigmund
  5931 | D:6      | Killed Sigmund
  6059 | D:6      | Found a hide-covered altar of Uskayaw.
  6203 | D:6      | Reached **** piety under Sif Muna
  6954 | D:7      | Reached skill level 10 in Spellcasting
  6954 | D:7      | Reached XP level 9. HP: 45/45 MP: 7/25
  7145 | D:6      | Noticed Grinder
  7152 | D:6      | Paralysed by Grinder for 7 turns
  7160 | D:6      | Killed Grinder
  7783 | D:7      | Reached ***** piety under Sif Muna
  7877 | D:7      | Identified Sif Muna's Compendium of Mutagenic Dark Magic (Sif Muna gifted it to you on level 7 of the Dungeon)
  7877 | D:7      | Received a gift from Sif Muna
  7883 | D:7      | Learned a level 3 spell: Regeneration
  8190 | D:8      | Noticed maggai's ghost (novice CeHu)
  8194 | D:8      | Reached skill level 5 in Charms
  8327 | D:8      | Reached skill level 1 in Necromancy
  8575 | D:8      | Reached skill level 10 in Conjurations
  8844 | D:8      | Found a sacrificial altar of Ru.
  8860 | D:8      | Killed maggai's ghost
  8860 | D:8      | Reached XP level 10. HP: 10/50 MP: 14/27
  9829 | D:8      | Found a staircase to the Lair.
  9903 | D:9      | Found a shimmering altar of Xom.
 10435 | D:9      | Identified Sif Muna's Handbook of Augmentations (Sif Muna gifted it to you on level 9 of the Dungeon)
 10435 | D:9      | Received a gift from Sif Muna
 10443 | D:9      | Learned a level 5 spell: Iskenderun's Battlesphere
 10446 | D:9      | Learned a level 2 spell: Swiftness
 10457 | D:9      | Found a sparkling altar of Nemelex Xobeh.
 10531 | D:9      | Noticed a two-headed ogre
 10534 | D:9      | Killed a two-headed ogre
 11064 | D:10     | Entered Level 10 of the Dungeon
 11883 | D:11     | Noticed a brown ugly thing
 12046 | D:8      | Reached XP level 11. HP: 54/54 MP: 22/30
 12080 | Lair:1   | Entered Level 1 of the Lair of Beasts
 12086 | Lair:1   | Reached skill level 1 in Air Magic
 12377 | Lair:1   | Identified Sif Muna's Catalogue of the Glacier and the Arsonist (Sif Muna gifted it to you on level 1 of the Lair of Beasts)
 12377 | Lair:1   | Received a gift from Sif Muna
 12379 | Lair:1   | Reached skill level 10 in Charms
 12386 | Lair:1   | Learned a level 4 spell: Throw Icicle
 12620 | Lair:1   | Reached skill level 1 in Ice Magic
 13307 | Lair:2   | Reached skill level 5 in Ice Magic
 13433 | Lair:1   | Learned a level 6 spell: Freezing Cloud
 13780 | Lair:2   | Received a gift from Sif Muna
 13783 | Lair:2   | Identified Sif Muna's Reference Book on Dark Secrets (Sif Muna gifted it to you on level 2 of the Lair of Beasts)
 13969 | Lair:2   | Upgraded the game from 0.20.0-10-g0535bb4 to 0.20.0-14-g326068f
 14088 | Lair:3   | Found a hole to the Spider Nest.
 14550 | Lair:3   | Reached XP level 12. HP: 47/59 MP: 26/31
 14773 | Lair:3   | Noticed a catoblepas
 14779 | Lair:3   | Killed a catoblepas
 15301 | Lair:4   | Reached skill level 5 in Necromancy
 15543 | Lair:4   | Reached skill level 5 in Air Magic
 15979 | Lair:4   | Received a gift from Sif Muna
 15979 | Lair:4   | Reached ****** piety under Sif Muna
 15981 | Lair:4   | Noticed a catoblepas
 16547 | Lair:4   | Found a staircase to the Shoals.
 16564 | Lair:4   | Killed a catoblepas
 17663 | Lair:6   | Entered Level 6 of the Lair of Beasts
 17933 | Lair:6   | Identified Qocsaed's Guide on the Burning Entourage (Sif Muna gifted it to you on level 6 of the Lair of Beasts)
 17933 | Lair:6   | Received a gift from Sif Muna
 17937 | Lair:6   | Reached XP level 13. HP: 40/63 MP: 21/32
 18125 | Lair:5   | HP: 2/63 [spiny frog (21)]
 18126 | Lair:5   | Engulfed by a cloud of freezing vapour

Skill      XL: |  1  2  3  4  5  6  7  8  9 10 11 12 |
---------------+-------------------------------------+-----
Dodging        | 3 |  3.6
Conjurations   | 5 6 7 8 10 11 13 | 13.4
Spellcasting   | 4 5 6 7 10 11 13 | 13.2
Hexes          | 1 3 4 6 7 |  7.0
Charms         | 6 8 10 | 10.0
Necromancy     | 3 4 8 |  8.5
Air Magic      | 4 7 |  7.0
Ice Magic      | 6 8 |  8.9
Stealth        | |  2.4

Action                   |  1- 3 |  4- 6 |  7- 9 | 10-12 | 13-15 || total
-------------------------+-------+-------+-------+-------+-------++-------
Melee: Dagger            |    23 |    36 |    48 |     1 |     3 ||   111
       Club              |     9 |       |       |       |       ||     9
       Flail             |       |       |    11 |       |       ||    11
Throw: Stone             |     3 |     7 |    13 |       |       ||    23
       Tomahawk          |       |       |     1 |       |       ||     1
 Cast: Magic Dart        |    72 |    80 |   120 |   175 |     5 ||   452
       Searing Ray       |     2 |    11 |     8 |    23 |       ||    44
       Dazzling Spray    |       |    11 |    21 |    28 |       ||    60
       Iskenderun's Myst |       |     1 |    51 |   116 |     2 ||   170
       Fulminant Prism   |       |       |    23 |    37 |     2 ||    62
       Iskenderun's Batt |       |       |       |    29 |       ||    29
       Swiftness         |       |       |       |     3 |       ||     3
       Throw Icicle      |       |       |       |     6 |     2 ||     8
       Freezing Cloud    |       |       |       |       |     2 ||     2
       Regeneration      |       |       |       |       |     1 ||     1
Invok: Divine Energy     |       |     1 |       |       |       ||     1
Evoke: Lightning rod     |       |       |       |     4 |       ||     4
       Wand              |       |       |       |     2 |       ||     2
  Use: Scroll            |     3 |     5 |    12 |    11 |       ||    31
       Potion            |       |       |     1 |     3 |     2 ||     6
 Stab: Sleeping          |     1 |       |     1 |       |       ||     2
  Eat: Chunk             |     2 |     6 |     9 |    16 |       ||    33
       Bread ration      |       |     1 |     1 |     1 |       ||     3
       Royal jelly       |       |       |     1 |     3 |       ||     4
       Fruit             |       |       |       |     2 |     1 ||     3
Armor: Robe              |     6 |     6 |    25 |     6 |     4 ||    47
Dodge: Dodged            |    23 |    37 |    65 |    58 |    11 ||   194
